 Dungeon Crawl Stone Soup version 0.24-a0-458-gfcb5e6da0e (webtiles) character file.

Game seed: 6181871498174835585

3047 Krouwed the Scholar of Death (level 9, 0/62 (63) HPs)
             Began as a Demonspawn Necromancer on June 27, 2019.
             Was a Follower of Kikubaaqudgha.
             Hit by a large rock thrown by a cyclops (29 damage)
             ... on level 8 of the Dungeon.
             The game lasted 00:27:08 (7689 turns).

Krouwed the Scholar of Death (DsNe)                 Turns: 7689, Time: 00:27:09

HP:   0/62 (63)     AC: 11    Str: 20    XL:     9   Next: 56%
MP:   21/21         EV: 10    Int: 18    God:    Kikubaaqudgha [*.....]
Gold: 331           SH:  9    Dex: 14    Spells: 13/24 levels left

rFire    . . .     SeeInvis .   l - +2 spear (venom)
rCold    . . .     Gourm    +   y - +0 shield of Complete Protection {rElec rPois rN+ Str+4}
rNeg     + . .     Faith    .   a - +0 robe
rPois    +         Spirit   .   s - +2 helmet
rElec    +         Reflect  .   k - +1 cloak
rCorr    .         Harm     .   q - +1 pair of gloves
MR       .....                  (no boots)
Stlth    ++........             o - amulet of the gourmand
HPRegen  0.20/turn              m - ring of wizardry
MPRegen  0.17/turn              A - +6 ring of strength

@: hasted, very quick
A: talons 2, thin metallic scales 1, spiny 1
a: Receive Corpses, Renounce Religion


You were on level 8 of the Dungeon.
You worshipped Kikubaaqudgha.
Kikubaaqudgha was aware of your devotion.
You were very full.

You visited 2 branches of the dungeon, and saw 9 of its levels.

You collected 331 gold pieces.

Inventory:

Hand Weapons
 f - a +3 flail of freezing
 l - a +2 spear of venom (weapon)
Missiles
 i - 6 poisoned darts (quivered)
Armour
 a - a +0 robe (worn)
 k - a +1 cloak (worn)
 q - a +1 pair of gloves (worn)
 s - a +2 helmet (worn)
 y - the +0 shield of Complete Protection (worn) {rElec rPois rN+ Str+4}
   (You found it on level 5 of the Dungeon)

   It affects your strength (+4).
   It insulates you from electricity.
   It protects you from poison.
   It protects you from negative energy.
Jewellery
 m - a ring of wizardry (left hand)
 o - an amulet of the gourmand (around neck)
 A - a +6 ring of strength (right hand)
 F - a +4 amulet of reflection {unknown}
 H - a +3 ring of protection {unknown}
Wands
 h - a wand of clouds (5)
 x - a wand of enslavement (10)
 G - a wand of random effects (30)
Scrolls
 b - 2 scrolls of fog {unknown}
 d - 2 scrolls of noise {unknown}
 e - a scroll of amnesia {unknown}
 g - 2 scrolls of magic mapping {unknown}
 j - 7 scrolls of remove curse
 p - a scroll of identify
 r - a scroll of fear {unknown}
 v - 2 scrolls of random uselessness {unknown}
 w - 4 scrolls of enchant weapon {unknown}
 I - a scroll of blinking {unknown}
Potions
 n - 2 potions of resistance
 t - a potion of heal wounds {unknown}
 z - a potion of brilliance {unknown}
 B - a potion of lignification {unknown}
 D - a potion of cancellation {unknown}
 E - 2 potions of agility {unknown}
Comestibles
 c - 18 rations


   Skills:
 + Level 3.1 Fighting
 - Level 1.7 Dodging
 - Level 1.7 Stealth
 + Level 3.1 Shields
 + Level 8.2 Spellcasting
 + Level 10.6 Necromancy


You had 13 spell levels left.
You knew the following spells:

 Your Spells              Type           Power        Failure   Level  Hunger
a - Pain                  Necr           ####         1%          1    None
b - Animate Skeleton      Necr           N/A          1%          1    None
c - Vampiric Draining     Necr           #####.....   1%          3    #......
d - Animate Dead          Necr           N/A          2%          4    ###....
e - Corpse Rot            Necr           N/A          1%          2    None

Your spell library contained the following spells:

 Spells                   Type           Power        Failure   Level  Hunger
 Sublimation of Blood     Necr           #####.....   1%          2    None
 Regeneration             Chrm/Necr      ####......   6%          3    #......
 Corona                   Hex            #......      17%         1    None
 Infusion                 Chrm           #...         17%         1    None
 Sting                    Conj/Pois      #...         17%         1    None
 Poisonous Vapours        Pois/Air       #.....       26%         2    None
 Shroud of Golubria       Chrm/Tloc      #.....       26%         2    None
 Slow                     Hex            #.......     26%         2    None
 Song of Slaying          Chrm           #.......     26%         2    None
 Inner Flame              Hex/Fire       #.......     45%         3    #......
 Mephitic Cloud           Conj/Pois/Air  #.......     45%         3    #......
 Portal Projectile        Hex/Tloc       #.....       45%         3    #......
 Spectral Weapon          Hex/Chrm       #.......     45%         3    #......
 Cause Fear               Hex            #.........   85%         4    ###....
 Leda's Liquefaction      Hex/Erth       #.........   85%         4    ###....
 Olgreb's Toxic Radiance  Pois           #.......     85%         4    ###....
 Venom Bolt               Conj/Pois      #.........   99%         5    #####..


Dungeon Overview and Level Annotations

Branches:
Dungeon (8/15)             Temple (1/1) D:6
   Lair: D:8-11

Altars:
Ashenzari
Cheibriados
Dithmenos
Elyvilon
Fedhas
Gozag
Hepliaklqana
Kikubaaqudgha
Makhleb
Nemelex Xobeh
Okawaru
Qazlal
Ru
Sif Muna
Trog
Uskayaw
Vehumet
Xom
Zin
The Shining One

Shops:
D:4 %


Innate Abilities, Weirdness & Mutations

You have razor-sharp toenails.
You are partially covered in thin metallic scales. (AC +2)
You are partially covered in sharp spines.


Message History

Aim: a jelly (heavily wounded, poisoned)
You reach to attack!
You hit the jelly.
The jelly is almost dead.
You kill the jelly!
Kikubaaqudgha accepts your kill.
Throwing (i - inventory. (/) - cycle)
C - a silver javelin (quivered)
Press: ? - help, Shift-Dir - straight line, f - cyclops
Aim: a cyclops (heavily wounded)
You throw a silver javelin.
The silver javelin pierces through the cyclops.
The cyclops is severely wounded.
Throwing (i - inventory)
i - 7 poisoned darts (quivered)
Press: ? - help, Shift-Dir - straight line, f/p - cyclops
Aim: a cyclops (severely wounded)
You throw a poisoned dart. The poisoned dart hits the cyclops.
The cyclops is poisoned.
The cyclops is severely wounded.
The cyclops throws a large rock.
The large rock hits you!!
You die...
Kikubaaqudgha rasps: "You have failed me!
Welcome... death!"

...#. ... #..##..####.#
+.Kp+.. ...
#............ #...#
###.####..<........
#..?.
)...<..))####..#### ...
...................
...!####.######≈≈.≈≈....
#.............≈#'#≈....
#...........+_+.....
#..@.(.....≈#'#≈....
####.......≈h.≈≈....
.............#.......
####......C(.#.......
#.........C....../
#...........######.
#...........#
#...........#
##+#+##.......


You could see a cyclops.

Vanquished Creatures
  Pikel (D:8)
  Grum (D:8)
  4 hogs (D:7)
  A human (D:7)
  An ice beast (D:8)
  4 slaves (D:8)
  A necrophage (D:8)
  An ogre (D:5)
  2 wolves
  A bullfrog (D:7)
  2 scorpions
  5 wights (D:6)
  2 crimson imps (D:5)
  2 bullfrog zombies
  3 centaur skeletons (D:4)
  7 hounds
  2 jellies
  A bullfrog skeleton (D:7)
  2 iguanas
  5 orc wizards
  2 worker ants
  A killer bee zombie (D:6)
  A howler monkey skeleton (D:8)
  5 adders
  A shadow imp (D:8)
  3 dart slugs
  8 leopard geckos
  7 orcs
  3 bat zombies (D:5)
  2 giant cockroaches
  12 goblins
  14 hobgoblins
  12 jackals
  A quokka (D:7)
  A ball python (D:2)
  3 bats
  7 frilled lizards
  A giant cockroach zombie (D:5)
  5 kobolds
  6 rats
  A rat zombie (D:5)
144 creatures vanquished.

Vanquished Creatures (collateral kills)
  A worker ant (D:5)
  Robin (D:2)
  2 adders (D:4)
  A worm (D:2)
  4 orcs
  A bat (D:3)
  7 goblins (D:2)
  3 hobgoblins
  5 jackals
  3 frilled lizards
  2 rats
30 creatures vanquished.

Grand Total: 174 creatures vanquished

Notes
Turn   | Place    | Note
-------+----------+-------------------------------------------
     0 | D:1      | Krouwed the Demonspawn Necromancer began the quest for the
                  | Orb.
     0 | D:1      | Reached XP level 1. HP: 13/13 MP: 3/3
   336 | D:1      | Learned a level 1 spell: Animate Skeleton
   501 | D:1      | Gained mutation: You have sharp toenails. [demonic
                  | ancestry]
   501 | D:1      | Reached XP level 2. HP: 19/19 MP: 5/5
   899 | D:1      | Reached skill level 5 in Necromancy
  1481 | D:1      | Gained mutation: You have razor-sharp toenails. [demonic
                  | ancestry]
  1481 | D:1      | Reached XP level 3. HP: 17/24 MP: 4/6
  1537 | D:1      | You fall into a shaft and drop 1 floor!
  1888 | D:3      | Reached XP level 4. HP: 18/30 MP: 1/8
  1992 | D:3      | Learned a level 3 spell: Vampiric Draining
  1997 | D:3      | Learned a level 4 spell: Animate Dead
  2088 | D:3      | Found a sacrificial altar of Ru.
  2136 | D:3      | Reached skill level 6 in Necromancy
  2315 | D:3      | Gained mutation: You are partially covered in sharp spines.
                  | [demonic ancestry]
  2315 | D:3      | Reached XP level 5. HP: 34/35 MP: 10/10
  2809 | D:2      | Noticed Robin
  2939 | D:2      | Killed Robin
  3614 | D:4      | Reached XP level 6. HP: 31/41 MP: 12/12
  3742 | D:4      | Found a burning altar of Makhleb.
  3743 | D:4      | Noticed a cacodemon
  3857 | D:4      | Reached skill level 7 in Necromancy
  3916 | D:4      | Found Nubueg's Food Shop.
  4168 | D:5      | Entered Level 5 of the Dungeon
  4197 | D:5      | Found an ancient bone altar of Kikubaaqudgha.
  4302 | D:5      | Became a worshipper of Kikubaaqudgha
  4341 | D:5      | Found a glowing silver altar of Zin.
  4355 | D:5      | Reached skill level 5 in Spellcasting
  4355 | D:5      | Gained mutation: You are partially covered in thin metallic
                  | scales. (AC +2) [demonic ancestry]
  4355 | D:5      | Reached XP level 7. HP: 45/46 MP: 12/14
  4573 | D:5      | Got a faintly humming shield
  4581 | D:5      | Identified the +0 shield of Complete Protection {rElec
                  | rPois rN+ Str+4} (You found it on level 5 of the Dungeon)
  4803 | D:5      | Reached skill level 8 in Necromancy
  5090 | D:6      | Found a bloodstained altar of Trog.
  5117 | D:6      | Found a hide-covered altar of Uskayaw.
  5646 | D:6      | Found a deep blue altar of Sif Muna.
  5650 | D:6      | Found an opulent altar of Gozag.
  5683 | D:6      | Found a staircase to the Ecumenical Temple.
  5698 | D:6      | Found an iron altar of Okawaru.
  5710 | Temple   | Entered the Ecumenical Temple
  5970 | D:6      | Reached XP level 8. HP: 36/52 MP: 17/17
  6577 | D:7      | Reached * piety under Kikubaaqudgha
  6577 | D:7      | Identified Kikubaaqudgha's Handbook of Dark Secrets
                  | (Kikubaaqudgha gifted it to you on level 7 of the Dungeon)
  6577 | D:7      | Received a gift from Kikubaaqudgha
  6577 | D:7      | Reached skill level 9 in Necromancy
  6584 | D:7      | Learned a level 2 spell: Corpse Rot
  6670 | D:7      | Found a stormy altar of Qazlal.
  6770 | D:7      | Found a sparkling altar of Nemelex Xobeh.
  7098 | D:7      | Reached skill level 1 in Shields
  7099 | D:7      | Reached skill level 10 in Necromancy
  7153 | D:7      | Reached XP level 9. HP: 55/58 MP: 20/20
  7338 | D:8      | Noticed Grum
  7340 | D:8      | Noticed Pikel
  7341 | D:8      | Reached skill level 1 in Fighting
  7597 | D:8      | Killed Grum
  7604 | D:8      | Killed Pikel
  7657 | D:8      | Noticed a cyclops
  7658 | D:8      | Found a shadowy altar of Dithmenos.
  7689 | D:8      | Hit by a large rock thrown by a cyclops

Levels and vault maps discovered:
D:1:      dpeg_arrival_chambers_temple_mockup, layout_basic
D:2:      layout_loops_ring, first_ration, serial_bayou, serial_bayou_pond_b,
          serial_bayou_ford_a, serial_bayou_pond_b, serial_bayou_pond_c,
          serial_bayou_shore_a, serial_bayou_pond_e, uniq_robin
D:3:      cheibrodos_helix_gallery, layout_rooms, serial_bayou_pond_a,
          nicolae_ru_great_annihilating_truth
D:4:      layout_loops_ring, makhleb_altar_promises_db, serial_shops,
          kennysheep_little_box, minmay_misc_feat_diagonals
D:5:      layout_gridville, zin_statuary, lemuel_zombie_altar_kikubaaqudgha
D:6:      layout_basic, led_sif_book, nicolae_overflow_hidden_temple,
          okawaru_gym_becter, bloody_trog, kennysheep_mini,
          minmay_temple_entry_mini_moons, kennysheep_generic_room_11
D:7:      layout_basic, nemelex_altar_shiori, nicolae_qazlal_eye_of_the_storm,
          grunt_livestock
D:8:      layout_basic, kennysheep_mini_moat, yredelemnul_altar_generic,
          uniq_pikel, uniq_grum
Temple:   compressed_dpeg_triangle_lava_temple

Skill      XL: |  1  2  3  4  5  6  7  8  9 |
---------------+----------------------------+-----
Necromancy     | 5 6 7 8 10 | 10.6
Spellcasting   | 3 4 5 6 7 8 |  8.2
Shields        | 1 3 |  3.1
Fighting       | 3 |  3.1
Dodging        | |  1.7
Stealth        | |  1.7

Action                   |  1- 3 |  4- 6 |  7- 9 || total
-------------------------+-------+-------+-------++-------
Melee: Club              |    23 |       |       ||    23
       Dagger            |    38 |    13 |       ||    51
       Kick              |     9 |    17 |    58 ||    84
       Spear             |       |   129 |   185 ||   314
       Flail             |       |       |     3 ||     3
Throw: Dart              |    20 |    10 |     1 ||    31
       Javelin           |       |       |    11 ||    11
 Cast: Pain              |    30 |     6 |     7 ||    43
       Animate Skeleton  |    11 |    15 |       ||    26
       Animate Dead      |       |    11 |     2 ||    13
       Vampiric Draining |       |     1 |     1 ||     2
Evoke: Wand              |       |       |     3 ||     3
  Use: Potion            |     2 |       |     2 ||     4
       Scroll            |       |     6 |     2 ||     8
 Stab: Sleeping          |       |    12 |     6 ||    18
       Distracted        |       |       |     1 ||     1
  Eat: Chunk             |     4 |    20 |    12 ||    36
Armor: Robe              |    22 |    28 |    51 ||   101
Dodge: Dodged            |    82 |    66 |    53 ||   201
Block: Shield            |       |       |    53 ||    53

Table legend:
 A = Non-vault XP
 B = Vault XP
 C = Vault XP percentage of total XP
 D = Non-vault monster count
 E = Vault monster count
 F = Vault count percentage of total count
                 A         B        C        D         E       F
            +---------+---------+-------+---------+---------+-------
      Total |    2131 |    2222 |  51.0 |     129 |      41 |  24.1
            +---------+---------+-------+---------+---------+-------
        D:1 |      47 |       0 |   0.0 |      26 |       0 |   0.0
        D:2 |     111 |      54 |  32.7 |      28 |      20 |  41.7
        D:3 |      80 |      45 |  36.0 |      24 |       5 |  17.2
        D:4 |     283 |       1 |   0.4 |      13 |       1 |   7.1
        D:5 |     471 |       7 |   1.5 |      10 |       4 |  28.6
        D:6 |     446 |      80 |  15.2 |      10 |       2 |  16.7
        D:7 |     282 |    1093 |  79.5 |      10 |       6 |  37.5
        D:8 |     411 |     942 |  69.6 |       8 |       3 |  27.3
            +---------+---------+-------+---------+---------+-------
